 Dungeon Crawl Stone Soup version 0.29.0-5-ge4962eb29e (webtiles) character file.

Game seed: 7997979338355834055

8514 Renzlar the Blocker (level 11, -4/89 HPs)
             Began as a Gnoll Fighter on Aug 29, 2022.
             Was a High Priest of Okawaru.
             Slain by an eight-headed hydra (13 damage)
             ... on level 1 of the Lair of Beasts on Aug 30, 2022.
             The game lasted 00:45:39 (9683 turns).

Renzlar the Blocker (Gnoll Fighter)                 Turns: 9683, Time: 00:45:40

Health: -4/89      AC: 13    Str: 18    XL:     11   Next: 32%
Magic:  18/20      EV: 17    Int: 12    God:    Okawaru [*****.]
Gold:   507        SH: 15    Dex: 23    Spells: 22/22 levels left

rFire   . . .      SeeInvis .   a - +10 rapier of Honour {elec, Int+3 Dex+5}
rCold   . . .      Faith    .   E - +0 kite shield
rNeg    . . .      Spirit   .   B - +4 scale mail {rPois}
rPois   +          Reflect  .   (no helmet)
rElec   .          Harm     .   (no cloak)
rCorr   +          Rampage  .   (no gloves)
Will    .....                   (no boots)
Stlth   ++++......              v - amulet of regeneration
HPRegen 1.04/turn               i - ring of resist corrosion
MPRegen 0.17/turn               j - +6 ring of dexterity

@: heroic, studying Unarmed Combat
A: fangs 1, strong nose, distributed training, mutation resistance 1
a: Renounce Religion, Heroism, Finesse, Duel


You were on level 1 of the Lair of Beasts.
You worshipped Okawaru.
Okawaru was extremely pleased with you.
You visited 2 branches of the dungeon, and saw 10 of its levels.
You also visited: Sewer.

You collected 807 gold pieces.
You spent 300 gold pieces at shops.

Inventory:

Hand Weapons
 a - the +10 rapier of Honour (weapon) {elec, Int+3 Dex+5}
   (You found it on level 5 of the Dungeon)

   It occasionally discharges a powerful burst of electricity upon striking a
   foe.
   Int:       It affects your intelligence (+3).
   Dex:       It affects your dexterity (+5).
 b - a +4 spear of venom
 c - a +2 sling of freezing
 n - a +1 flail of holy wrath
 p - the +5 falchion of the Brewing Gods {vorpal, rElec rC- Str+2}
   (You took it off a hobgoblin on level 4 of the Dungeon)

   It inflicts extra damage upon your enemies.
   Str:       It affects your strength (+2).
   rC:        It makes you vulnerable to cold.
   rElec:     It insulates you from electricity.
 s - a +2 war axe of draining
Missiles
 h - 2 throwing nets (quivered)
 k - 2 curare-tipped darts
 l - 23 poisoned darts
Armour
 B - a +4 scale mail of poison resistance (worn)
 D - the +3 ring mail "Buma" {Str+2 Dex+4}
   (You took it off a gnoll sergeant on level 4 of the Dungeon)

   Str:       It affects your strength (+2).
   Dex:       It affects your dexterity (+4).
 E - a +0 kite shield (worn)
Jewellery
 i - a ring of resist corrosion (left hand)
 j - a +6 ring of dexterity (right hand)
 v - an amulet of regeneration (around neck)
Wands
 f - a wand of polymorph (30)
 m - a wand of roots (15)
 q - a wand of charming (21)
 y - a wand of flame (38)
Scrolls
 o - 4 scrolls of identify
 r - 3 scrolls of enchant armour
 w - 2 scrolls of amnesia
 x - 6 scrolls of teleportation
 A - a scroll of magic mapping
 C - a scroll of enchant weapon
Potions
 d - 3 potions of might
 e - 3 potions of curing
 g - 7 potions of heal wounds
 t - 4 potions of haste
 u - a potion of resistance
 z - 2 potions of mutation
 F - a potion of ambrosia


   Skills:
 + Level 9.2(14.2) Fighting
 + Level 6.4(11.4) Short Blades
 + Level 6.4(11.4) Long Blades
 + Level 8.0(13.0) Axes
 + Level 6.4(11.4) Maces & Flails
 + Level 6.4(11.4) Polearms
 + Level 6.4(11.4) Staves
 + Level 6.4(11.4) Ranged Weapons
 + Level 6.4(11.4) Throwing
 + Level 9.2(14.2) Armour
 + Level 6.4(11.4) Dodging
 + Level 6.4(11.4) Stealth
 + Level 9.2(14.2) Shields
 + Level 7.6(12.6) Unarmed Combat
 + Level 6.4 Spellcasting
 + Level 5.3 Conjurations
 + Level 5.3 Hexes
 + Level 5.3 Summonings
 + Level 5.3 Necromancy
 + Level 5.3 Translocations
 + Level 5.3 Transmutations
 + Level 5.3 Fire Magic
 + Level 5.3 Ice Magic
 + Level 5.3 Air Magic
 + Level 5.3 Earth Magic
 + Level 5.3 Poison Magic
 + Level 7.0 Invocations
 + Level 6.4 Evocations


You had 22 spell levels left.
You didn't know any spells.
Your spell library contained the following spells:

 Spells                   Type           Power      Damage    Failure   Level
 Apportation              Tloc           32%        N/A       9%          1
 Confusing Touch          Hex            16%        N/A       24%         3
 Alistair's Intoxication  Tmut/Pois      10%        N/A       92%         5
 Fireball                 Conj/Fire      8%         3d6       92%         5
 Iskenderun's Battlesphe  Conj           16%        2d7       92%         5
 Yara's Violent Unravell  Hex/Tmut       8%         3d5       92%         5
 Conjure Ball Lightning   Conj/Air       8%         3x3d6     100%        6
 Enfeeble                 Hex            8%         N/A       100%        7
 Orb of Destruction       Conj           8%         9d6       100%        7


Dungeon Overview and Level Annotations

Branches:
Dungeon (9/15)             Temple (0/1) D:5            Lair (1/5) D:9
  Sewer (visited)
    Orc: D:9-12

Altars:
Ashenzari
Cheibriados
Fedhas
Nemelex Xobeh
Okawaru
Qazlal
Vehumet
Wu Jian
Xom

Shops:
D:5 =


Innate Abilities, Weirdness & Mutations

You have very sharp teeth.
Your uncanny sense of smell can sniff out nearby items.
Your experience applies equally to all skills.
You are somewhat resistant to further mutation.


Message History

Your +2 sling of freezing stops glowing.
You feel clever.
You feel agile.
You hear the crackle of electricity.
a - the +10 rapier of Honour (weapon)
{elec, Int+3 Dex+5} You block the cane toad's attack.
You hit the cane toad.
The cane toad is lightly wounded.
The cane toad stings you!
You hit the cane toad.
The cane toad is moderately wounded.
The cane toad stings you!
You hit the cane toad.
The cane toad is heavily wounded.
You block the cane toad's attack.
You puncture the cane toad!
Lightning courses through the cane toad!
You kill the cane toad!
Okawaru accepts your kill.
You block the eight-headed hydra's attack. x2
The eight-headed hydra bites you. The eight-headed hydra bites you!
The eight-headed hydra bites you.
The eight-headed hydra bites you but does no damage.
The eight-headed hydra bites you! x2
Your Axes skill increases to level 8!
You hit the eight-headed hydra.
The eight-headed hydra is lightly wounded.
The eight-headed hydra barely misses you.
You block the eight-headed hydra's attack. x2
The eight-headed hydra bites you but does no damage.
The eight-headed hydra bites you!
* * * LOW HITPOINT WARNING * * *
The eight-headed hydra closely misses you.
The eight-headed hydra bites you but does no damage.
The eight-headed hydra barely misses you.
You gain the combat prowess of a mighty hero.
The eight-headed hydra bites you!
* * * LOW HITPOINT WARNING * * *
You block the eight-headed hydra's attack. x2
The eight-headed hydra bites you!
You die...

### #.# ###.## ##.####.###
##....# #.........# #.....#
#.........# ##....#
#####.........## #.....#
#.##..........## #####....#
#...'...........
.........###..#..........##
#......D@..############.#
###....##### ## ###.## #.P#
#.## ... ..... .....D.
.........


You could see an eight-headed hydra.

Vanquished Creatures
  A centaur warrior (D:8)
  Pikel (D:8)
  A cane toad (Lair:1)
  Maggie (D:9)
  A rime drake (Lair:1)
  2 komodo dragons
  A troll (D:8)
  A hornet (D:8)
  7 yaks (D:8)
  A wyvern (D:7)
  2 basilisks (D:9)
  The ghost of Kazon the Trooper, an amateur DgFi (D:4)
  4 steam dragons
  2 acid dragons
  2 orc warriors
  A black bear (D:6)
  A sky beast (D:7)
  4 ogres
  A centaur (D:5)
  3 phantoms
  3 lemures (D:8)
  3 kobold brigands
  3 bullfrogs
  3 necrophages (D:6)
  3 gnoll sergeants
  3 scorpions
  4 wights (D:8)
  2 howler monkeys
  7 hounds
  3 orc priests
  2 jellies
  5 iguanas
  Terence (D:2)
  8 orc wizards
  Natasha (thrice) (D:2)
  6 adders
  19 gnolls
  A shadow imp (D:6)
  2 white imps
  3 ufetubi
  3 worms
  4 dart slugs
  19 orcs
  8 bats
  5 endoplasms
  4 giant cockroaches
  7 hobgoblins
  7 jackals (D:2)
  4 quokkas
  10 ball pythons
  3 frilled lizards
  9 goblins
  28 kobolds
  8 rats
241 creatures vanquished.

Vanquished Creatures (others)
  16 plants
16 creatures vanquished.

Grand Total: 257 creatures vanquished

Notes
Turn   | Place    | Note
-------+----------+-------------------------------------------
     0 | D:1      | Renzlar the Gnoll Fighter began the quest for the Orb.
     0 | D:1      | Reached XP level 1. HP: 23/23 MP: 1/1
   153 | D:1      | Reached XP level 2. HP: 23/29 MP: 2/2
   421 | D:1      | Reached XP level 3. HP: 35/35 MP: 3/3
   889 | D:1      | Found a faded altar of an unknown god.
  1117 | D:2      | Reached skill level 1 in Invocations
  1157 | D:2      | Found a radiant altar of Vehumet.
  1157 | D:2      | Noticed Natasha
  1167 | D:2      | Killed Natasha
  1168 | D:2      | Reached skill level 1 in Short Blades
  1168 | D:2      | Reached skill level 1 in Long Blades
  1168 | D:2      | Reached skill level 1 in Maces & Flails
  1168 | D:2      | Reached skill level 1 in Polearms
  1168 | D:2      | Reached skill level 1 in Staves
  1168 | D:2      | Reached skill level 1 in Ranged Weapons
  1168 | D:2      | Reached skill level 1 in Throwing
  1168 | D:2      | Reached skill level 1 in Dodging
  1168 | D:2      | Reached skill level 1 in Stealth
  1168 | D:2      | Reached skill level 1 in Unarmed Combat
  1168 | D:2      | Reached skill level 1 in Spellcasting
  1168 | D:2      | Reached skill level 1 in Evocations
  1168 | D:2      | Reached XP level 4. HP: 33/41 MP: 5/5
  1460 | D:2      | Noticed Terence
  1467 | D:2      | Killed Terence
  1468 | D:2      | Reached skill level 1 in Conjurations
  1468 | D:2      | Reached skill level 1 in Hexes
  1468 | D:2      | Reached skill level 1 in Summonings
  1468 | D:2      | Reached skill level 1 in Necromancy
  1468 | D:2      | Reached skill level 1 in Translocations
  1468 | D:2      | Reached skill level 1 in Transmutations
  1468 | D:2      | Reached skill level 1 in Fire Magic
  1468 | D:2      | Reached skill level 1 in Ice Magic
  1468 | D:2      | Reached skill level 1 in Air Magic
  1468 | D:2      | Reached skill level 1 in Earth Magic
  1468 | D:2      | Reached skill level 1 in Poison Magic
  1599 | D:2      | Noticed Natasha
  1606 | D:2      | Killed Natasha
  1607 | D:2      | Reached XP level 5. HP: 34/47 MP: 7/7
  1639 | D:2      | Noticed Natasha
  1643 | D:2      | Killed Natasha
  2751 | D:3      | Reached XP level 6. HP: 32/53 MP: 8/8
  2765 | D:3      | Reached skill level 5 in Axes
  3305 | D:4      | Identified the +5 falchion of the Brewing Gods {vorpal,
                  | rElec rC- Str+2}
  3373 | D:4      | Found an iron altar of Okawaru.
  3381 | D:4      | Became a worshipper of Warmaster Okawaru
  3468 | D:4      | Reached XP level 7. HP: 60/60 MP: 10/10
  3633 | D:4      | Identified the +3 ring mail "Buma" {Str+2 Dex+4}
  3633 | D:4      | Identified the +1 buckler "Opoparao" {Str+8 Int-2 Dex+3}
  3642 | D:4      | Found a transporter.
  3655 | D:4      | Noticed Kazon's ghost (amateur DgFi)
  3698 | D:4      | Found a transporter.
  3911 | D:5      | Entered Level 5 of the Dungeon
  3981 | D:5      | Found a staircase to the Ecumenical Temple.
  4144 | D:5      | Found a shimmering altar of Xom.
  4173 | D:5      | Found a snail-covered altar of Cheibriados.
  4217 | D:5      | Reached * piety under Okawaru
  4326 | D:5      | Identified the +10 rapier of Honour {elec, Int+3 Dex+5}
  4440 | D:5      | Found Rihemot's Jewellery Shoppe.
  4469 | D:5      | Found a glowing drain.
  4478 | Sewer    | Entered a sewer
  4609 | Sewer    | Gained mutation: You have large cloven feet. [potion of
                  | mutation]
  4609 | Sewer    | Lost mutation: You have large cloven feet. [potion of
                  | mutation]
  4609 | Sewer    | Gained mutation: You are agile. (Dex +4, Str/Int -1)
                  | [potion of mutation]
  4610 | Sewer    | Lost mutation: You are agile. (Dex +4, Str/Int -1) [potion
                  | of mutation]
  4610 | Sewer    | Gained mutation: You passively map a small area around you.
                  | [potion of mutation]
  4611 | Sewer    | Lost mutation: You passively map a small area around you.
                  | [potion of mutation]
  4611 | Sewer    | Gained mutation: You are somewhat resistant to further
                  | mutation. [potion of mutation]
  4749 | Sewer    | Reached XP level 8. HP: 60/67 MP: 12/12
  5422 | D:6      | Reached ** piety under Okawaru
  5655 | D:5      | Bought an amulet of regeneration for 300 gold pieces
  5795 | D:6      | Reached XP level 9. HP: 52/73 MP: 14/14
  6311 | D:7      | Reached *** piety under Okawaru
  6326 | D:7      | Reached skill level 5 in Invocations
  6780 | D:7      | Found a blossoming altar of Fedhas.
  6787 | D:7      | Found a stormy altar of Qazlal.
  6789 | D:7      | Found a sparkling altar of Nemelex Xobeh.
  6794 | D:7      | Found a radiant altar of Vehumet.
  6795 | D:7      | Found an ornate altar of the Wu Jian Council.
  7309 | D:4      | Killed Kazon's ghost
  7503 | D:8      | Noticed a hornet
  7512 | D:8      | Reached skill level 5 in Short Blades
  7512 | D:8      | Reached skill level 5 in Long Blades
  7512 | D:8      | Reached skill level 5 in Maces & Flails
  7512 | D:8      | Reached skill level 5 in Polearms
  7512 | D:8      | Reached skill level 5 in Staves
  7512 | D:8      | Reached skill level 5 in Ranged Weapons
  7512 | D:8      | Reached skill level 5 in Throwing
  7512 | D:8      | Reached skill level 5 in Dodging
  7512 | D:8      | Reached skill level 5 in Stealth
  7512 | D:8      | Reached skill level 5 in Unarmed Combat
  7512 | D:8      | Reached skill level 5 in Spellcasting
  7512 | D:8      | Reached skill level 5 in Evocations
  7512 | D:8      | Reached XP level 10. HP: 71/81 MP: 17/17
  7566 | D:8      | Noticed a centaur warrior
  7598 | D:8      | Killed a centaur warrior
  7598 | D:8      | Reached **** piety under Okawaru
  7757 | D:8      | Noticed Pikel
  7813 | D:8      | Reached ***** piety under Okawaru
  7855 | D:8      | Killed Pikel
  7855 | D:8      | Received a gift from Okawaru
  8002 | D:8      | Identified the +3 great sword of the Middle {vorpal, Str+7}
                  | (Okawaru gifted it to you on level 8 of the Dungeon)
  8002 | D:8      | Received a gift from Okawaru
  8026 | D:8      | Found a broken altar of Ashenzari.
  8037 | D:8      | Reached skill level 5 in Conjurations
  8037 | D:8      | Reached skill level 5 in Hexes
  8037 | D:8      | Reached skill level 5 in Summonings
  8037 | D:8      | Reached skill level 5 in Necromancy
  8037 | D:8      | Reached skill level 5 in Translocations
  8037 | D:8      | Reached skill level 5 in Transmutations
  8037 | D:8      | Reached skill level 5 in Fire Magic
  8037 | D:8      | Reached skill level 5 in Ice Magic
  8037 | D:8      | Reached skill level 5 in Air Magic
  8037 | D:8      | Reached skill level 5 in Earth Magic
  8037 | D:8      | Reached skill level 5 in Poison Magic
  8037 | D:8      | Reached XP level 11. HP: 83/89 MP: 20/20
  9075 | D:9      | Found a staircase to the Lair.
  9373 | D:9      | Noticed Maggie
  9399 | D:9      | Killed Maggie
  9583 | Lair:1   | Entered Level 1 of the Lair of Beasts
  9671 | Lair:1   | Noticed an eight-headed hydra
  9683 | Lair:1   | Slain by an eight-headed hydra

Illustrated notes

Levels and vault maps discovered:
D:1:      kennysheep_arrival_seaside, layout_loops_ring,
          hellmonk_ecumenical_altar_leap_of_faith, st_stairs_4
D:2:      layout_basic, basic_altar, uniq_terence, uniq_natasha
D:3:      layout_loops_ring, kennysheep_boxes
D:4:      layout_basic, okawaru_ov_weapons_minmay, gammafunk_ghost_gnarly_gnolls
D:5:      layout_cave_pools, mainiacjoe_overflow_surrounded_room,
          kennysheep_little_box, temple_hall, serial_shops,
          nicolae_shop_hallway_plus, portal_sewer_entry_d,
          minmay_misc_feat_pillars
D:6:      minmay_inner_zag, layout_basic, nicolae_titane
D:7:      layout_loops_ring, minitemple
D:8:      layout_loops_corners, mainiacjoe_overflow_chevrons, kb_rosetta,
          uniq_pikel
D:9:      layout_roguey, erik_lair_dragon, uniq_maggie
Lair:1:   layout_roguey

Skill      XL: |  1  2  3  4  5  6  7  8  9 10 11 |
---------------+----------------------------------+-----
Invocations    | 1 2 3 4 5 6 7 |  7.0
Short Blades   | 1 2 3 5 6 |  6.4
Long Blades    | 1 2 3 5 6 |  6.4
Maces & Flails | 1 2 3 5 6 |  6.4
Polearms       | 1 2 3 5 6 |  6.4
Staves         | 1 2 3 5 6 |  6.4
Ranged Weapons | 1 2 3 5 6 |  6.4
Throwing       | 1 2 3 5 6 |  6.4
Dodging        | 1 2 3 5 6 |  6.4
Stealth        | 1 2 3 5 6 |  6.4
Unarmed Combat | 1 2 3 5 6 7 |  7.6
Spellcasting   | 1 2 3 5 6 |  6.4
Evocations     | 1 2 3 5 6 |  6.4
Conjurations   | 1 2 3 4 5 |  5.3
Hexes          | 1 2 3 4 5 |  5.3
Summonings     | 1 2 3 4 5 |  5.3
Necromancy     | 1 2 3 4 5 |  5.3
Translocations | 1 2 3 4 5 |  5.3
Transmutations | 1 2 3 4 5 |  5.3
Fire Magic     | 1 2 3 4 5 |  5.3
Ice Magic      | 1 2 3 4 5 |  5.3
Air Magic      | 1 2 3 4 5 |  5.3
Earth Magic    | 1 2 3 4 5 |  5.3
Poison Magic   | 1 2 3 4 5 |  5.3
Axes           | 5 6 7 8 |  8.0
Fighting       | 7 8 9 |  9.2
Armour         | 7 8 9 |  9.2
Shields        | 7 8 9 |  9.2

Action                   |  1- 3 |  4- 6 |  7- 9 | 10-12 || total
-------------------------+-------+-------+-------+-------++-------
Melee: War axe           |    70 |    69 |    13 |       ||   152
       Bite              |     5 |     8 |    25 |    21 ||    59
       Falchion          |       |     6 |     6 |       ||    12
       Rapier            |       |       |   171 |   194 ||   365
       Unarmed           |       |       |     7 |       ||     7
 Fire: Sling             |     6 |    76 |   132 |    78 ||   292
Invok: Heroism           |       |       |     3 |     2 ||     5
  Use: Scroll            |     2 |    12 |    10 |     4 ||    28
       Potion            |       |       |     4 |       ||     4
Armor: Scale mail        |    24 |    26 |    57 |    36 ||   143
Dodge: Dodged            |    27 |    41 |    94 |    71 ||   233
Block: Buckler           |    10 |    19 |    89 |    58 ||   176
       Kite shield       |       |       |       |    42 ||    42
